AAA
LONG ISLAND NAVIGATORS @ TRENTON LIBERTY
04/26/2060
 
TOP OF THE 1ST
Long Island Navigators batting - Pitching for Trenton Liberty : RHP Henry Ashburn
Pitching: RHP Henry Ashburn
Batting: RHB Seth Baker 0-0: Called Strike
0-1: Foul Ball, location: 2F
0-2: Ball
1-2: Foul Ball, location: 2F
1-2: Hit by Pitch
Batting: RHB Sullivan Hazelwood 0-0: Called Strike
0-1: Called Strike
0-2: Ball
1-2: Strikes out swinging
Batting: LHB Broderick Council 0-0: Ball
1-0: Ball
2-0: Called Strike
2-1: Called Strike
Seth Baker steals 2nd, throwing error, E2
Seth Baker to third
2-2: Strikes out looking
Batting: LHB Triston Harris 0-0: Ball
1-0: Foul Ball, location: 2F
1-1: TRIPLE (Line Drive, 89XD, EV 110.0 MPH)
Seth Baker scores
Batting: RHB Cameron Marry 0-0: Ball
1-0: Foul Ball, location: 2F
1-1: Ball
2-1: Called Strike
2-2: 2-RUN HOME RUN (Flyball, 9D, EV 94.4 MPH), Distance : 363 ft
Batting: RHB Noah Bishop 0-0: Foul Ball, location: 2F
0-1: Ball
1-1: Swinging Strike
1-2: Ground out 1-3 (Groundball, 13S, EV 66.9 MPH)
Top of the 1st over - 3 runs, 2 hits, 1 error, 0 left on base; Long Island 3 - Trenton 0
BOTTOM OF THE 1ST
Trenton Liberty batting - Pitching for Long Island Navigators : RHP Logan Klonowski
Pitching: RHP Logan Klonowski
Batting: RHB Walter Muller 0-0: Ball
1-0: Foul Ball, location: 2F
1-1: Called Strike
1-2: Foul Ball, location: 2F
1-2: Ball
2-2: Ball
3-2: Base on Balls
Batting: RHB Brooks Neuman 0-0: Ball
1-0: Foul Ball, location: 2F
1-1: Foul Ball, location: 2F
1-2: Ball
2-2: SINGLE (Line Drive, 89S, EV 106.2 MPH)
Walter Muller to second
Batting: LHB Marc Kreischer 0-0: Foul Ball, location: 2F
0-1: Fly out, F8 (Flyball, 8RD, EV 101.2 MPH)
Batting: LHB Troy Glenn 0-0: Ball
1-0: Ball
2-0: Ball
3-0: Called Strike
3-1: Called Strike
3-2: Base on Balls
Walter Muller to third
Brooks Neuman to second
Batting: RHB Willy Ellison 0-0: Called Strike
0-1: Ball
1-1: Foul Ball, location: 2F
1-2: Ball
2-2: Fly out, F3 (Line Drive, 3, EV 61.2 MPH)
Lined into DP, U3 (Line Drive, 3, EV 61.9 MPH)
Bottom of the 1st over - 0 runs, 1 hit, 0 errors, 2 left on base; Long Island 3 - Trenton 0
TOP OF THE 2ND
Long Island Navigators batting - Pitching for Trenton Liberty : RHP Henry Ashburn
Batting: LHB Grant Lucien 0-0: Called Strike
0-1: Called Strike
0-2: Ball
1-2: Strikes out swinging
Batting: RHB Seth Benatar 0-0: Called Strike
0-1: Fly out, F8 (Flyball, 8RS, EV 82.5 MPH)
Batting: RHB Weldon Nnanna 0-0: SINGLE (Groundball, 4, EV 108.1 MPH)
Batting: RHB Seth Baker 0-0: Called Strike
0-1: Ball
1-1: Ball
2-1: Ball
3-1: Foul Ball, location: 2F
3-2: Foul Ball, location: 2F
3-2: Base on Balls
Weldon Nnanna to second
Batting: RHB Sullivan Hazelwood 0-0: Ball
1-0: Called Strike
1-1: Foul Ball, location: 2F
1-2: Ground out 3-1 (Groundball, 34S, EV 81.2 MPH)
Top of the 2nd over - 0 runs, 1 hit, 0 errors, 2 left on base; Long Island 3 - Trenton 0
BOTTOM OF THE 2ND
Trenton Liberty batting - Pitching for Long Island Navigators : RHP Logan Klonowski
Batting: LHB Rob Weeks 0-0: Ball
1-0: Ball
2-0: Ball
3-0: Base on Balls
Batting: RHB Art Swor 0-0: Ball
1-0: Fly out, F8 (Line Drive, 8RM, EV 88.8 MPH)
Batting: RHB Greg Gardiner 0-0: Foul Ball, location: 2F
0-1: Called Strike
0-2: Strikes out swinging
Batting: RHB Connor Weber 0-0: Ball
Pickoff Throw to First - Error! E1
Rob Weeks to second
1-0: Called Strike
1-1: Called Strike
1-2: Strikes out swinging
Bottom of the 2nd over - 0 runs, 0 hits, 1 error, 1 left on base; Long Island 3 - Trenton 0
TOP OF THE 3RD
Long Island Navigators batting - Pitching for Trenton Liberty : RHP Henry Ashburn
Batting: LHB Broderick Council 0-0: Called Strike
0-1: Ball
1-1: Ball
2-1: Foul Ball, location: 2F
2-2: Fly out, F9 (Line Drive, 9, EV 104.4 MPH)
Batting: LHB Triston Harris 0-0: Swinging Strike
0-1: Ball
1-1: Ground out 4-3 (Groundball, 4, EV 86.9 MPH)
Batting: RHB Cameron Marry 0-0: SINGLE (Groundball, 34D, EV 96.9 MPH)
Batting: RHB Noah Bishop 0-0: Ball
1-0: Foul Ball, location: 2F
1-1: Foul Ball, location: 2F
1-2: Strikes out looking
Top of the 3rd over - 0 runs, 1 hit, 0 errors, 1 left on base; Long Island 3 - Trenton 0
BOTTOM OF THE 3RD
Trenton Liberty batting - Pitching for Long Island Navigators : RHP Logan Klonowski
Batting: RHB Walter Muller 0-0: Called Strike
0-1: Foul Ball, location: 2F
0-2: Foul Ball, location: 2F
0-2: Ball
1-2: Ball
2-2: SINGLE (Groundball, 56D, EV 96.9 MPH)
Batting: RHB Brooks Neuman 0-0: Ball
1-0: Foul Ball, location: 2F
1-1: Grounds into double play, 6-4-3 (Groundball, 6M, EV 78.8 MPH)
Batting: LHB Marc Kreischer 0-0: Called Strike
0-1: Ball
1-1: Foul Ball, location: 2F
1-2: Strikes out swinging
Bottom of the 3rd over - 0 runs, 1 hit, 0 errors, 0 left on base; Long Island 3 - Trenton 0
TOP OF THE 4TH
Long Island Navigators batting - Pitching for Trenton Liberty : RHP Henry Ashburn
Batting: LHB Grant Lucien 0-0: Called Strike
0-1: SINGLE (Line Drive, 9LS, EV 99.4 MPH)
Batting: RHB Seth Benatar 0-0: Foul Ball, location: 2F
0-1: Ball
1-1: Fly out, F7 (Flyball, 7S, EV 85.6 MPH)
Batting: RHB Weldon Nnanna 0-0: Foul Ball, location: 2F
0-1: Foul Ball, location: 2F
0-2: Ball
1-2: Ball
2-2: Fly out, F8 (Line Drive, 8LS, EV 89.4 MPH)
Batting: RHB Seth Baker 0-0: Ball
1-0: Ball
2-0: Ball
3-0: Called Strike
3-1: SINGLE (Line Drive, 9S, EV 90.6 MPH)
Grant Lucien to second
Runner from 2nd tries for 3rd, SAFE, throw by RF made to third
Batting: RHB Sullivan Hazelwood 0-0: Ball
1-0: Ball
2-0: Called Strike
2-1: 3-RUN HOME RUN (Flyball, 7D, EV 97.5 MPH), Distance : 377 ft
Pitching: RHP Devin Perlin
Batting: LHB Broderick Council 0-0: Called Strike
0-1: Ball
1-1: Swinging Strike
1-2: Ball
2-2: Ball
3-2: Foul Ball, location: 2F
3-2: Base on Balls
Batting: LHB Triston Harris 0-0: Called Strike
0-1: Fly out, F8 (Line Drive, 8RD, EV 106.9 MPH)
Top of the 4th over - 3 runs, 3 hits, 0 errors, 1 left on base; Long Island 6 - Trenton 0
BOTTOM OF THE 4TH
Trenton Liberty batting - Pitching for Long Island Navigators : RHP Logan Klonowski
Batting: LHB Troy Glenn 0-0: Foul Ball, location: 2F
0-1: Ball
1-1: Ball
2-1: Foul Ball, location: 2F
2-2: Strikes out swinging
Batting: RHB Willy Ellison 0-0: Fly out, F8 (Flyball, 8RD, EV 96.2 MPH)
Batting: LHB Rob Weeks 0-0: Foul Ball, location: 2F
0-1: Ground out U3 (Groundball, 34, EV 91.9 MPH)
Bottom of the 4th over - 0 runs, 0 hits, 0 errors, 0 left on base; Long Island 6 - Trenton 0
TOP OF THE 5TH
Long Island Navigators batting - Pitching for Trenton Liberty : RHP Devin Perlin
Batting: RHB Cameron Marry 0-0: Ball
1-0: Ground out 4-3 (Groundball, 4, EV 90.6 MPH)
Batting: RHB Noah Bishop 0-0: Called Strike
0-1: Called Strike
0-2: Fly out, F9 (Flyball, 9S, EV 84.4 MPH)
Batting: LHB Grant Lucien 0-0: Foul Ball, location: 2F
0-1: Ball
1-1: Foul Ball, location: 2F
1-2: Ball
2-2: Reached on error, E4 (Groundball, 4, EV 85.0 MPH)
Batting: RHB Seth Benatar 0-0: Called Strike
Grant Lucien is caught stealing 2nd base 2-4
Top of the 5th over - 0 runs, 0 hits, 1 error, 0 left on base; Long Island 6 - Trenton 0
BOTTOM OF THE 5TH
Trenton Liberty batting - Pitching for Long Island Navigators : RHP Logan Klonowski
Batting: RHB Art Swor 0-0: Ball
1-0: Ball
2-0: Foul Ball, location: 2F
2-1: Called Strike
2-2: Ball
3-2: Foul Ball, location: 2F
3-2: Foul Ball, location: 2F
3-2: DOUBLE (Line Drive, 7LD, EV 106.2 MPH)
Batting: RHB Greg Gardiner 0-0: Ball
1-0: Ball
2-0: Swinging Strike
2-1: Ball
3-1: Base on Balls
Batting: RHB Connor Weber 0-0: Swinging Strike
0-1: Foul Ball, location: 2F
0-2: Strikes out looking
Batting: RHB Walter Muller 0-0: Ball
1-0: Ball
2-0: Foul Ball, location: 2F
2-1: SINGLE (Groundball, 6MD, EV 101.2 MPH)
Art Swor to third
Greg Gardiner to second
Runner from 3rd tries for Home, throw by CF and OUT! 8-2
Batting: RHB Brooks Neuman 0-0: Ball
1-0: Ball
Wild Pitch!
Greg Gardiner to third
Walter Muller to second
2-0: Called Strike
2-1: Called Strike
2-2: Foul Ball, location: 2F
2-2: Reached on error, E5 (Groundball, 5L, EV 85.6 MPH)
Greg Gardiner scores
Walter Muller scores
Batting: LHB Marc Kreischer 0-0: Fly out, F6 (Line Drive, 56D, EV 71.9 MPH)
Bottom of the 5th over - 2 runs, 2 hits, 1 error, 1 left on base; Long Island 6 - Trenton 2
TOP OF THE 6TH
Long Island Navigators batting - Pitching for Trenton Liberty : RHP Devin Perlin
Batting: RHB Seth Benatar 0-0: Ball
1-0: Ball
2-0: Called Strike
2-1: Foul Ball, location: 2F
2-2: Ball
3-2: Strikes out swinging
Batting: RHB Weldon Nnanna 0-0: Ball
1-0: Ball
2-0: Called Strike
2-1: SINGLE (Groundball, 34D, EV 103.1 MPH)
Batting: RHB Seth Baker 0-0: Called Strike
0-1: Swinging Strike
Passed Ball!
Weldon Nnanna to second
0-2: Ball
1-2: Ball
2-2: Ground out 4-3 (Groundball, 4M, EV 108.8 MPH)
Weldon Nnanna to third
Batting: RHB Sullivan Hazelwood 0-0: Called Strike
0-1: Hit by Pitch
Batting: LHB Broderick Council 0-0: Ball
1-0: Ball
2-0: SINGLE (Line Drive, 56D, EV 96.2 MPH)
Weldon Nnanna scores
Sullivan Hazelwood to second
Pitching: RHP Holden Ritchey
Batting: LHB Triston Harris 0-0: Called Strike
Passed Ball!
Sullivan Hazelwood to third
Broderick Council to second
0-1: Ball
1-1: Swinging Strike
1-2: Strikes out swinging
Top of the 6th over - 1 run, 2 hits, 0 errors, 2 left on base; Long Island 7 - Trenton 2
BOTTOM OF THE 6TH
Trenton Liberty batting - Pitching for Long Island Navigators : RHP Logan Klonowski
Batting: LHB Troy Glenn 0-0: Ball
1-0: Ball
2-0: Fly out, F7 (Flyball, 7D, EV 104.4 MPH)
Batting: RHB Willy Ellison 0-0: Swinging Strike
0-1: Ball
1-1: Ball
2-1: Called Strike
2-2: Ball
3-2: Strikes out looking
Batting: LHB Rob Weeks 0-0: Called Strike
0-1: DOUBLE (Line Drive, 9LM, EV 106.9 MPH)
Batting: RHB Art Swor 0-0: DOUBLE (Line Drive, 78XD, EV 105.0 MPH)
Rob Weeks scores
Batting: RHB Greg Gardiner 0-0: Ball
1-0: Called Strike
1-1: Called Strike
1-2: Foul Ball, location: 2F
1-2: Ball
2-2: Foul Ball, location: 2F
2-2: Foul Ball, location: 2F
2-2: Fly out, F8 (Line Drive, 8RS, EV 93.8 MPH)
Bottom of the 6th over - 1 run, 2 hits, 0 errors, 1 left on base; Long Island 7 - Trenton 3
TOP OF THE 7TH
Long Island Navigators batting - Pitching for Trenton Liberty : RHP Holden Ritchey
Batting: RHB Cameron Marry 0-0: Ball
1-0: Ball
2-0: Called Strike
2-1: Foul Ball, location: 2F
2-2: Ball
3-2: Fly out, F9 (Flyball, 9S, EV 93.1 MPH)
Batting: RHB Noah Bishop 0-0: Ball
1-0: SINGLE (Line Drive, 6D, EV 97.5 MPH)
Batting: LHB Grant Lucien 0-0: Ball
1-0: Fly out, F8 (Flyball, 8LM, EV 97.5 MPH)
Batting: RHB Seth Benatar 0-0: Ball
1-0: Foul Ball, location: 2F
1-1: Swinging Strike
1-2: Fielders Choice at 2nd, 6-4 (Groundball, 6, EV 76.9 MPH)
Top of the 7th over - 0 runs, 1 hit, 0 errors, 1 left on base; Long Island 7 - Trenton 3
BOTTOM OF THE 7TH
Trenton Liberty batting - Pitching for Long Island Navigators : RHP Logan Klonowski
Pitching: RHP Josh Bickford
Batting: RHB Connor Weber 0-0: SINGLE (Groundball, 56D, EV 95.6 MPH)
Batting: RHB Walter Muller 0-0: Swinging Strike
0-1: Ball
1-1: Foul Ball, location: 2F
1-2: Strikes out swinging
Batting: RHB Brooks Neuman 0-0: Ball
1-0: Ball
2-0: Ball
3-0: Base on Balls
Connor Weber to second
Batting: LHB Marc Kreischer 0-0: Called Strike
0-1: Swinging Strike
0-2: Ball
1-2: Foul Ball, location: 2F
1-2: Ball
2-2: Ball
3-2: Grounds into double play, 5-4-3 (Groundball, 5D, EV 95.6 MPH)
Bottom of the 7th over - 0 runs, 1 hit, 0 errors, 1 left on base; Long Island 7 - Trenton 3
TOP OF THE 8TH
Long Island Navigators batting - Pitching for Trenton Liberty : RHP Holden Ritchey
Batting: RHB Weldon Nnanna 0-0: Called Strike
0-1: Foul Ball, location: 2F
0-2: Strikes out swinging
Batting: RHB Seth Baker 0-0: Ball
1-0: Foul Ball, location: 2F
1-1: Swinging Strike
1-2: Ball
2-2: Foul Ball, location: 2F
2-2: Strikes out swinging
Batting: RHB Sullivan Hazelwood 0-0: Swinging Strike
0-1: Ball
1-1: Ball
2-1: Reached on error, E5 (Groundball, 56S, EV 83.1 MPH)
Batting: LHB Broderick Council 0-0: Called Strike
0-1: Ball
1-1: SINGLE (Line Drive, 5D, EV 94.4 MPH)
Sullivan Hazelwood to second
Pitching: LHP James Murray
Batting: LHB Triston Harris 0-0: Ball
Wild Pitch!
Sullivan Hazelwood to third
Broderick Council to second
1-0: Called Strike
1-1: Called Strike
1-2: Strikes out swinging
Top of the 8th over - 0 runs, 1 hit, 1 error, 2 left on base; Long Island 7 - Trenton 3
BOTTOM OF THE 8TH
Trenton Liberty batting - Pitching for Long Island Navigators : RHP Josh Bickford
Batting: LHB Troy Glenn 0-0: Swinging Strike
0-1: Swinging Strike
0-2: Strikes out swinging
Batting: RHB Willy Ellison 0-0: Called Strike
0-1: Ball
1-1: Called Strike
1-2: Foul Ball, location: 2F
1-2: Ball
2-2: Foul Ball, location: 2F
2-2: Ball
3-2: Ground out U3 (Groundball, 3, EV 105.6 MPH)
Batting: LHB Rob Weeks 0-0: Fly out, F1 (Line Drive, P, EV 65.0 MPH)
Bottom of the 8th over - 0 runs, 0 hits, 0 errors, 0 left on base; Long Island 7 - Trenton 3
TOP OF THE 9TH
Long Island Navigators batting - Pitching for Trenton Liberty : LHP James Murray
Batting: RHB Cameron Marry 0-0: Ball
1-0: Called Strike
1-1: Called Strike
1-2: Ball
2-2: Foul Ball, location: 2F
2-2: Foul Ball, location: 2F
2-2: Ball
3-2: Strikes out swinging
Pitching: RHP Si Prescott
Batting: RHB Noah Bishop 0-0: Foul Ball, location: 2F
0-1: Ball
1-1: Ball
2-1: Called Strike
2-2: DOUBLE (Line Drive, 7LS, EV 103.8 MPH)
Batting: LHB Grant Lucien 0-0: Intentional Walk
Batting: RHB Seth Benatar 0-0: Foul Ball, location: 2F
0-1: Ball
1-1: Swinging Strike
1-2: Strikes out swinging
Batting: RHB Weldon Nnanna 0-0: TRIPLE (Flyball, 78XD, EV 102.5 MPH)
Noah Bishop scores
Grant Lucien scores
Batting: RHB Seth Baker 0-0: DOUBLE (Line Drive, 89D, EV 102.5 MPH)
Weldon Nnanna scores
Batting: RHB Sullivan Hazelwood 0-0: Foul Ball, location: 2F
0-1: Ball
1-1: Ball
2-1: Ball
3-1: Base on Balls
Pinch Hitting: SHB Grant Jopling 0-0: Ball
1-0: Called Strike
1-1: Called Strike
1-2: Foul Ball, location: 2F
1-2: Ball
2-2: Ball
3-2: SINGLE (Line Drive, 9S, EV 106.2 MPH)
Seth Baker to third
Sullivan Hazelwood to second
Seth Baker scores
Sullivan Hazelwood to third
Batting: LHB Triston Harris 0-0: Ball
1-0: Ball
2-0: Called Strike
2-1: Called Strike
2-2: Strikes out swinging
Top of the 9th over - 4 runs, 4 hits, 0 errors, 2 left on base; Long Island 11 - Trenton 3
BOTTOM OF THE 9TH
Trenton Liberty batting - Pitching for Long Island Navigators : RHP Josh Bickford
Pitching: RHP Karsen Azizi
Now at 1B: Noah Bishop
Now at 3B: Grant Jopling
Batting: RHB Art Swor 0-0: Foul Ball, location: 2F
0-1: Ball
1-1: Ground out 4-3 (Groundball, 34D, EV 80.6 MPH)
Batting: RHB Greg Gardiner 0-0: Called Strike
0-1: Ball
1-1: Ball
2-1: Foul Ball, location: 2F
2-2: Ground out 5-3 (Groundball, 56, EV 90.0 MPH)
Batting: RHB Connor Weber 0-0: Called Strike
0-1: Swinging Strike
0-2: Fly out, F9 (Flyball, 9, EV 78.1 MPH)
Bottom of the 9th over - 0 runs, 0 hits, 0 errors, 0 left on base; Long Island 11 - Trenton 3
Monday, April 29th , 2024 - OOTP Baseball 23.10 Build 110